 Dungeon Crawl Stone Soup version 0.30-a0-782-ge64f9170bb (webtiles) character file.

Game seed: 3865594003237514014

498 funkygono the Chopper (level 6, -3/56 HPs)
             Began as a Minotaur Fighter on Mar 16, 2023.
             Was an Initiate of Okawaru.
             Slain by a yak (7 damage)
             ... on level 5 of the Dungeon.
             The game lasted 00:06:21 (3947 turns).

funkygono the Chopper (Minotaur Fighter)            Turns: 3947, Time: 00:06:22

Health: -3/56      AC: 16    Str: 29    XL:     6   Next: 94%
Magic:  5/5        EV:  8    Int: 10    God:    Okawaru [......]
Gold:   194        SH:  4    Dex:  9    Spells: 5/5 levels left

rFire   . . .      SeeInvis .    a - +0 war axe
rCold   . . .      Faith    .    c - +0 buckler
rNeg    . . .      Spirit   .    h - +0 chain mail
rPois   .          Reflect  .    (helmet restricted)
rElec   .          Harm     .    r - +1 cloak
rCorr   .          Rampage  .    n - +1 pair of gloves
Will    .....                    s - +1 pair of boots Stlth
                                 (no amulet)
HPRegen 0.29/turn                t - ring "Kagaesori" {Will- Str+6 Int+5}
MPRegen 0.09/turn                (no ring)

@: no status effects
A: horns 2, retaliatory headbutt
a: Renounce Religion


You were on level 5 of the Dungeon.
You worshipped Okawaru.
Okawaru was noncommittal.
You visited 2 branches of the dungeon, and saw 6 of its levels.
You also visited: Ossuary.

You collected 194 gold pieces.

Inventory:

Hand Weapons
 a - a +0 war axe (weapon)
Armour
 c - a +0 buckler (worn)
 h - a +0 chain mail (worn)
 n - a +1 pair of gloves (worn)
 r - a +1 cloak (worn)
 s - a +1 pair of boots (worn)
 w - the +1 ring mail of the Boiling Point {rF+ Str+2 Stlth+}
   (You found it on level 4 of the Dungeon)

   Str:       It affects your strength (+2).
   rF:        It protects you from fire.
   Stlth:     It makes you more stealthy.
Jewellery
 t - the ring "Kagaesori" (left hand) {Will- Str+6 Int+5}
   (You took it off a kobold on level 3 of the Dungeon)

   [ring of strength]

   Str:       It affects your strength (+6).
   Int:       It affects your intelligence (+5).
   Will:      It decreases your willpower.
Wands
 u - a wand of roots (7)
Scrolls
 g - 3 scrolls of poison
 m - a scroll of fog
Potions
 b - 2 potions of brilliance
 d - 4 potions of might
 e - a potion of ambrosia {unknown}
 f - 2 potions of curing {unknown}
 i - a potion of berserk rage {unknown}
 k - 3 potions of attraction
 o - 2 potions of magic {unknown}
 q - 2 potions of flight {unknown}
 v - a potion of heal wounds {unknown}


   Skills:
 + Level 5.3 Fighting
 + Level 6.3 Axes
 + Level 5.3 Armour
 + Level 1.1 Dodging
 + Level 0.1 Stealth
 + Level 4.4 Shields


You had 5 spell levels left.
You didn't know any spells.
Your spell library contained the following spells:

 Spells                   Type           Power      Damage    Failure   Level
 Apportation              Tloc           0%         N/A       94%         1
 Freeze                   Ice            0%         1d3       94%         1
 Necrotise                Necr           0%         1d4       94%         1
 Cigotuvi's Dreadful Rot  Necr/Pois/Air  0%         N/A       98%         2
 Poisonous Vapours        Pois/Air       0%         N/A       98%         2
 Frozen Ramparts          Ice            0%         1d1       100%        3
 Hailstorm                Conj/Ice       0%         3d3       100%        3
 Mephitic Cloud           Conj/Pois/Air  0%         N/A       100%        3
 Summon Small Mammal      Summ           Unusable   N/A       N/A         1

Dungeon Overview and Level Annotations

Branches:
Dungeon (5/15)             Temple (1/1) D:4         Ossuary (visited)

Altars:
Ashenzari
Cheibriados
Dithmenos
Elyvilon
Fedhas
Hepliaklqana
Kikubaaqudgha
Okawaru
Qazlal
Ru
Trog
Uskayaw
Vehumet
Xom
Yredelemnul
Zin
The Shining One


Innate Abilities, Weirdness & Mutations

You have a pair of horns on your head.
You reflexively headbutt those who attack you in melee.


Message History

There is a stone staircase leading up here.
You feel your willpower return.
A yak comes into view. 2 yaks come into view.
The yak bellows!
A yak comes into view.
The yak bellows!
The yak completely misses you.
You closely miss the yak. The yak gores you.
You hit the yak.
The yak is lightly wounded.
You hit the yak. x2; The yak gores you. x3
You barely miss the yak. You headbutt the yak.
The yak is lightly wounded.
You barely miss the yak. x2; The yak gores you. x3
You hit the yak but do no damage.
The yak is lightly wounded.
You slash the yak! x2; You barely miss the yak.
You block the yak's attack.
The yak gores you but does no damage. x3
You barely miss the yak. You headbutt the yak!
The yak is heavily wounded.
You slash the yak!
You hit the yak. x2; The yak barely misses you.
The yak gores you but does no damage. You block the yak's attack. x2
The yak gores you but does no damage. The yak gores you.
The yak gores you but does no damage. x2
You barely miss the yak. You headbutt the yak, but do no damage.
The yak is heavily wounded.
You slash the yak! x2; You barely miss the yak.
You block the yak's attack. The yak gores you!
The yak gores you but does no damage. The yak gores you!
* * * LOW HITPOINT WARNING * * *
You hit the yak but do no damage.
The yak is heavily wounded.
You hit the yak. You completely miss the yak. You hit the yak but do no damage.
The yak barely misses you. The yak completely misses you.
You furiously retaliate!
You headbutt the yak. The yak gores you.
* * * LOW HITPOINT WARNING * * *
The yak gores you!
* * * LOW HITPOINT WARNING * * *
The yak attacks as you move away! The yak gores you!
You die...

...######.#
..........
.........#
#........#
#........#
##.........
#..YY..#.#.
#..@Y......
#...Y..#.##
####......#
#...........#
#.###########
#......#
#####.###
#...# ###.#


You could see 4 yaks.

Vanquished Creatures
  Menkaure (D:4)
  A howler monkey (D:4)
  A centaur zombie (Ossuary)
  A hound (D:4)
  A human zombie (Ossuary)
  An iguana (D:4)
  Terence (D:2)
  2 mummies (Ossuary)
  Robin (D:3)
  5 adders
  3 gnolls (D:4)
  2 adder zombies (Ossuary)
  A dart slug (D:1)
  An orc (D:4)
  5 endoplasms
  3 giant cockroaches
  6 hobgoblins
  5 kobolds
  3 quokkas
  5 ball pythons
  5 bats
  4 frilled lizards
  13 goblins
  A goblin zombie (Ossuary)
  13 hobgoblin zombies (Ossuary)
  3 jackal zombies (Ossuary)
  6 kobold zombies (Ossuary)
  8 orc zombies (Ossuary)
  4 rats
  2 rat zombies (Ossuary)
108 creatures vanquished.

Notes
Turn   | Place    | Note
-------+----------+-------------------------------------------
     0 | D:1      | funkygono the Minotaur Fighter began the quest for the Orb.
     0 | D:1      | Reached XP level 1. HP: 19/19 MP: 0/0
   269 | D:1      | Reached XP level 2. HP: 27/27 MP: 1/1
   781 | D:2      | Reached skill level 3 in Axes
   781 | D:2      | Reached XP level 3. HP: 25/34 MP: 2/2
  1371 | D:2      | Reached XP level 4. HP: 41/41 MP: 3/3
  1393 | D:2      | Noticed Terence
  1399 | D:2      | Killed Terence
  1859 | D:3      | Identified the ring "Kagaesori" {Will- Str+6 Int+5}
  1961 | D:3      | Noticed Robin
  1970 | D:3      | Killed Robin
  1973 | D:3      | Reached skill level 4 in Axes
  2302 | D:3      | Reached XP level 5. HP: 47/47 MP: 4/4
  2462 | D:4      | Reached skill level 1 in Dodging
  2753 | D:4      | Found a sand-covered staircase.
  2758 | Ossuary  | Entered an ossuary
  2878 | Ossuary  | Reached skill level 5 in Fighting
  2878 | Ossuary  | Reached skill level 5 in Armour
  2892 | Ossuary  | Reached skill level 5 in Axes
  2892 | Ossuary  | Reached XP level 6. HP: 37/56 MP: 5/5
  3424 | D:4      | Found a staircase to the Ecumenical Temple.
  3437 | Temple   | Entered the Ecumenical Temple
  3448 | Temple   | Became a worshipper of Warmaster Okawaru
  3654 | D:4      | Identified the +1 ring mail of the Boiling Point {rF+ Str+2
                  | Stlth+}
  3672 | D:4      | Noticed Menkaure
  3677 | D:4      | Killed Menkaure
  3678 | D:4      | Reached skill level 6 in Axes
  3898 | D:5      | Entered Level 5 of the Dungeon
  3936 | D:5      | Noticed a yak
  3937 | D:5      | Noticed a yak
  3937 | D:5      | Noticed a yak
  3937 | D:5      | Noticed a yak
  3947 | D:5      | Slain by a yak

Illustrated notes

Levels and vault maps discovered:
D:1:      saegor_arrival_simple_c, layout_basic, minmay_misc_feat_doors
D:2:      layout_loops_ring, minmay_pentomino_q4, uniq_terence
D:3:      layout_loops_corners, uniq_robin
D:4:      layout_loops_corners, minmay_temple_entry_butterflies,
          nicolae_ossuary_entry_false_entrances, uniq_menkaure
D:5:      layout_basic
Temple:   minmay_crystal_spiral_temple

Skill      XL: |  1  2  3  4  5  6 |
---------------+-------------------+-----
Fighting       | 4 5 |  5.3
Axes           | 3 4 5 6 |  6.3
Armour         | 4 5 |  5.3
Shields        | 4 |  4.4
Dodging        | 1 |  1.1
Stealth        | |  0.1

Action                     |  1- 3 |  4- 6 || total
---------------------------+-------+-------++-------
  Melee: War axe           |    74 |   153 ||   227
         Headbutt          |     3 |    18 ||    21
    Use: Scroll            |       |    14 ||    14
 Armour: Scale mail        |    47 |    73 ||   120
         Chain mail        |       |    15 ||    15
  Dodge: Dodged            |    45 |    58 ||   103
  Block: Buckler           |    19 |    36 ||    55

Table legend: (Time is in decaauts)
 A = Elapsed time spent in this place.
 B = Non-inter-level travel time spent in this place.
 C = Inter-level travel time spent in this place.
 D = Time resting spent in this place.
 E = Time spent auto-exploring this place.
 F = Levels seen in this place.
 G = Mean time per level.
                   A        B        C        D        E       F      G
               +--------+--------+--------+--------+--------+-----+--------+
         Total |   4022 |   3831 |    191 |     88 |   2808 |   7 |  574.6 |
       Dungeon |   3472 |   3365 |    107 |     88 |   2536 |   5 |  694.4 |
        Temple |    212 |    128 |     84 |      0 |    110 |   1 |  212.0 |
       Ossuary |    336 |    336 |      0 |      0 |    162 |   1 |  336.0 |
               +--------+--------+--------+--------+--------+-----+--------+

Top non-repeatable levels by time:
     D:4: 922 daAuts
     D:3: 897 daAuts
     D:2: 826 daAuts
     D:1: 776 daAuts
 Ossuary: 336 daAuts
  Temple: 212 daAuts
     D:5: 50 daAuts
